 Dungeon Crawl Stone Soup version 0.21.0-24-g2553a33 (webtiles) character file.

207 tkappleton the Cudgeler (level 5, -1/45 HPs)
             Began as a Minotaur Berserker on Jan 19, 2018.
             Was a Priest of Trog.
             Slain by an orc priest
             ... wielding a +0 flail
              (12 damage)
             ... on level 3 of the Dungeon on Jan 20, 2018.
             The game lasted 00:17:03 (2296 turns).

tkappleton the Cudgeler (Minotaur Berserker)        Turns: 2296, Time: 00:17:05

Health: -1/45      AC:  3    Str: 22    XL:     5   Next: 54%
Magic:  4/4        EV: 12    Int:  4    God:    Trog [***...]
Gold:   128        SH:  0    Dex: 10    Spells: 4/4 levels left

rFire    . . .     SeeInvis .   a - +0 mace
rCold    . . .     Gourm    .   (no shield)
rNeg     + . .     Faith    +   x - +0 leather armour
rPois    .         Spirit   .   (helmet restricted)
rElec    .         Reflect  .   (no cloak)
rCorr    .         Harm     .   (no gloves)
MR       ++...                  (no boots)
Stlth    +.........             r - amulet of faith
HPRegen  1.15/turn              p - ring of positive energy
MPRegen  0.09/turn              (no ring)

@: regenerating
A: retaliatory headbutt, horns 2
a: Berserk, Trog's Hand, Burn Spellbooks, Renounce Religion


You were on level 3 of the Dungeon.
You worshipped Trog.
Trog was most pleased with you.
You were not hungry.

You visited 1 branch of the dungeon, and saw 3 of its levels.

You collected 128 gold pieces.

Inventory:

Hand Weapons
 a - a +0 mace (weapon)
 b - a +0 hunting sling
Missiles
 g - 83 stones
 v - a tomahawk (quivered)
Armour
 x - a +0 leather armour (worn)
Jewellery
 o - an uncursed amulet of regeneration
 p - a ring of positive energy (left hand)
 r - an amulet of faith (around neck)
Scrolls
 d - a scroll of identify {unknown}
 f - 4 scrolls of teleportation {unknown}
 i - 2 scrolls of magic mapping {unknown}
 m - a scroll of fear {unknown}
 q - a scroll of remove curse {unknown}
Potions
 e - a potion of brilliance {unknown}
 j - 5 potions of curing {unknown}
 k - a potion of ambrosia {unknown}
 l - a potion of berserk rage {unknown}
 n - a potion of heal wounds {unknown}
 s - a potion of resistance {unknown}
 u - 2 potions of lignification {unknown}
 w - a potion of magic {unknown}
Comestibles
 c - 6 rations
 t - 4 chunks of flesh


   Skills:
 - Level 3.6 Fighting
 + Level 7.6 Maces & Flails
 - Level 2.4 Armour
 - Level 2.1 Dodging


You had 4 spell levels left.
You didn't know any spells.

Dungeon Overview and Level Annotations

Branches:
Dungeon (3/15)

Altars:
Dithmenos


Innate Abilities, Weirdness & Mutations

You reflexively headbutt those who attack you in melee.
You have a pair of horns on your head.


Message History

You kill the rat!
Trog accepts your kill.
You feel the effects of Trog's Hand fading.
The orc priest invokes the aid of Beogh against you.
Beogh smites you!
You hear a shout! x2
A hobgoblin comes into view. It is wielding a club.
Throwing (i - inventory. (,) - cycle):
v - 2 tomahawks (quivered)
Press: ? - help, Shift-Dir - straight line, f - orc priest
Aim: an orc priest, wielding a flail and wearing a leather armour You throw a tomahawk.
The tomahawk hits the orc priest but does no damage. 2 orc priests come into view.
You barely miss the orc priest. You headbutt the orc priest.
The orc priest is heavily wounded.
The orc priest mumbles some strange prayers to Beogh against you.
Beogh smites you!
* * * LOW HITPOINT WARNING * * *
The orc priest hits you with a flail!
You die...

#.#.##.###......#.........#
..#....##..)......#######.#
###.#..##..###..#.# ###)###
#.##.#))#.###.#.# #......
#.##...####.###.# #......
#.##.###.....##.### #......
#..)..............# #......
#.########.#.#....###......
#.# #@#........#...... ###
#o###..[.#.#......
.......(.##....#.#......
.......(.##....#.#......
.........#######.#######
.......(.# #.# ....o..g.#
#.### ..g...o..# ##...####
g........# #.......##


You could see 3 orc priests, a hobgoblin and a goblin (wandering).

Vanquished Creatures
  A hound (D:2)
  An orc priest (D:3)
  Jessica (D:3)
  4 adders
  An ooze (D:1)
  2 worms
  2 dart slugs
  3 leopard geckos
  3 orcs (D:3)
  2 giant cockroaches
  10 goblins
  10 hobgoblins
  8 kobolds
  A ball python (D:1)
  11 bats
  5 frilled lizards
  6 rats
71 creatures vanquished.

Notes
Turn   | Place    | Note
-------+----------+-------------------------------------------
     0 | D:1      | tkappleton the Minotaur Berserker began the quest for the Orb.
     0 | D:1      | Reached XP level 1. HP: 19/19 MP: 0/0
    73 | D:1      | Reached skill level 4 in Maces & Flails
   166 | D:1      | Reached XP level 2. HP: 22/26 MP: 1/1
   475 | D:1      | Reached skill level 5 in Maces & Flails
   679 | D:1      | Reached XP level 3. HP: 30/31 MP: 2/2
   762 | D:1      | Reached ** piety under Trog
   958 | D:2      | Reached XP level 4. HP: 39/39 MP: 3/3
   961 | D:2      | Reached skill level 6 in Maces & Flails
  1056 | D:2      | Found a shadowy altar of Dithmenos.
  1909 | D:3      | Reached *** piety under Trog
  1993 | D:3      | Reached XP level 5. HP: 44/45 MP: 4/4
  1994 | D:3      | Noticed Jessica
  2004 | D:3      | Reached skill level 7 in Maces & Flails
  2007 | D:3      | Killed Jessica
  2296 | D:3      | Slain by an orc priest

Skill      XL: |  1  2  3  4  5 |
---------------+----------------+-----
Maces & Flails | 4 5 6 7 |  7.6
Fighting       | |  3.6
Armour         | |  2.4
Dodging        | |  2.1

Action                   |  1- 3 |  4- 6 || total
-------------------------+-------+-------++-------
Melee: Mace              |    54 |    63 ||   117
       Headbutt          |     4 |    10 ||    14
 Fire: Hunting sling     |       |    38 ||    38
Throw: Stone             |    50 |    59 ||   109
       Tomahawk          |       |    21 ||    21
Invok: Trog's Hand       |       |     2 ||     2
  Eat: Chunk             |       |     5 ||     5
Armor: Animal skin       |     7 |    14 ||    21
Dodge: Dodged            |    31 |    48 ||    79
